 Dungeon Crawl Stone Soup version 0.30-a0-737-gf23d94013f (webtiles) character file.

Game seed: 12057046144102066137

4912 NinjaNoafa the Grappler (level 10, -2/100 HPs)
             Began as a Troll Monk on Feb 1, 2023.
             Slain by a spriggan
             ... wielding a +0 trident
              (16 damage)
             ... in a bailey on Feb 2, 2023.
             The game lasted 00:30:50 (7025 turns).

NinjaNoafa the Grappler (Troll Monk)                Turns: 7025, Time: 00:30:51

Health: -2/100     AC:  8    Str: 21    XL:     10   Next: 27%
Magic:  9/9        EV: 13    Int:  6    God:
Gold:   532        SH:  5    Dex: 16    Spells: 9/9 levels left

rFire   . . .      SeeInvis .      - Unarmed
rCold   . . .      Faith    .    (no shield)
rNeg    . . .      Spirit   .    a - +0 robe
rPois   .          Reflect  +    r - +2 hat
rElec   .          Harm     .    q - +1 cloak
rCorr   .          Rampage  .    (gloves unavailable)
Will    .....                    (boots unavailable)
Stlth   ++                       D - amulet of reflection
HPRegen 1.16/turn                (no ring)
MPRegen 0.11/turn                (no ring)

@: no status effects
A: large, unfitting armour, claws 3, regeneration 1, shaggy fur 1, tough skin 1
a: no special abilities


You were in a bailey.
You visited 2 branches of the dungeon, and saw 9 of its levels.
You also visited: Bailey.

You collected 532 gold pieces.

Inventory:

Missiles
 u - 6 javelins (quivered)
 x - 5 boomerangs
 C - a curare-tipped dart
Armour
 a - a +0 robe (worn)
 n - a +2 cloak
 q - a +1 cloak (worn)
 r - a +2 hat (worn)
Jewellery
 D - an amulet of reflection (around neck)
 F - the amulet of the Air {Inacc Air Fly rElec RMsl}
   (You found it on level 8 of the Dungeon)

   [amulet of nothing]

   Inacc:     It reduces the accuracy of your attacks and spells.
   Air:       It enhances your air magic.
   rElec:     It insulates you from electricity.
   Fly:       It grants you flight.
   RMsl:      It protects you from missiles.
Wands
 k - a wand of roots (2)
 s - a wand of digging (8)
 v - a wand of polymorph (9)
 B - a wand of flame (40)
Scrolls
 b - 2 scrolls of blinking
 c - 5 scrolls of vulnerability
 g - 6 scrolls of teleportation
 h - a scroll of enchant weapon
 j - 2 scrolls of immolation
 l - 3 scrolls of fog
 m - a scroll of torment
 p - 2 scrolls of fear
 w - 2 scrolls of silence
 A - 2 scrolls of amnesia
Potions
 d - 2 potions of haste
 e - 2 potions of heal wounds
 f - a potion of attraction
 o - 3 potions of magic
 z - a potion of berserk rage {unknown}
 E - a potion of brilliance {unknown}
 G - a potion of curing {unknown}


   Skills:
 + Level 6.4 Fighting
 + Level 5.2 Armour
 + Level 6.4 Dodging
 - Level 1.0 Stealth
 - Level 10.0 Unarmed Combat


You had 9 spell levels left.
You didn't know any spells.
Your spell library contained the following spells:

 Spells                   Type           Power      Damage    Failure   Level
 Necrotise                Necr           0%         1d4       45%         1
 Shock                    Conj/Air       0%         1d3       45%         1
 Sublimation of Blood     Necr           0%         N/A       58%         2
 Swiftness                Air            0%         N/A       83%         3
 Vampiric Draining        Necr           0%         2d6       83%         3
 Airstrike                Air            0%         2d(0-16)  99%         4
 Petrify                  Tmut/Erth      0%         N/A       99%         4
 Agony                    Necr           0%         N/A       100%        5
 Irradiate                Conj/Tmut      0%         3d11      100%        5


Dungeon Overview and Level Annotations

Branches:
Dungeon (8/15)             Temple (1/1) D:4          Bailey (1/1)
   Lair: D:8-11

Altars:
Ashenzari
Cheibriados
Dithmenos
Elyvilon
Fedhas
Gozag
Hepliaklqana
Kikubaaqudgha
Makhleb
Okawaru
Qazlal
Ru
Sif Muna
Trog
Uskayaw
Vehumet
Xom
Yredelemnul
The Shining One

Shops:
D:2 =

Annotations:
D:6 1 runed translucent door, Crazy Yiuf
D:8 4 runed translucent doors


Innate Abilities, Weirdness & Mutations

You are too large for most types of armour.
You have claws for hands.
Your natural rate of healing is unusually fast.
You are covered in fur. (AC +1)
You have tough skin. (AC +1)


Message History

The ogre barely misses you.
You mangle the ogre!!
The ogre is severely wounded.
The ogre closely misses you.
You closely miss the ogre.
The ogre is severely wounded.
You mangle the ogre!!
You kill the ogre!
Things that are here:
a +0 halberd; an ogre corpse 2 ogres come into view. 2 spriggans come into view.
The spriggan shouts!
You hear a shout!
The ogre hits you with a +0 halberd! The ogre closely misses you.
Attack: -) Claws
Press: ? - help, Dir - move target, f - ogre
Aim: an ogre, wielding a +0 halberd (about 19% to evade your claws)
Okay, then.
You block the spriggan's attack.
The ogre hits you from afar with a +0 halberd.
The spriggan hits you but does no damage.
The ogre hits you from afar with a +0 halberd!
The spriggan hits you with a +0 trident.
The ogre completely misses you.
You barely miss the ogre. You block the ogre's attack.
The spriggan hits you with a +0 trident!
You scratch the ogre. You claw the ogre.
The ogre is moderately wounded.
The spriggan hits you with a +0 trident.
The ogre hits you with a +0 halberd!
* * * LOW HITPOINT WARNING * * *
The ogre hits you with a +0 halberd!
* * * LOW HITPOINT WARNING * * *
The spriggan hits you with a +0 trident!!
* * * LOW HITPOINT WARNING * * *
The ogre completely misses you. You block the ogre's attack.
The spriggan hits you with a +0 trident.
* * * LOW HITPOINT WARNING * * *
The spriggan hits you from afar with a +0 trident!
You die...

##~~~~~##
#.......##
#........)##
..##♣####..##
.♣ ##..##
##..## ##..#
♣..# #@.# #.O#
. #.i# .. ♣O.#
..♣♣♣ ##..# ...
##..##
..♣#♣#~####..##
#....~~i....##
#.........##


You could see 2 ogres and a spriggan.

Vanquished Creatures
  A two-headed ogre (D:8)
  A deep elf pyromancer (D:8)
  Pikel (D:4)
  Maurice (D:8)
  A troll (D:8)
  Prince Ribbit (D:6)
  Eustachio (D:6)
  A water moccasin (D:7)
  An ice beast (D:6)
  A sky beast (D:6)
  4 orc warriors
  An ogre (Bailey)
  2 centaurs
  A lemure (D:5)
  2 phantoms
  A bullfrog (D:5)
  2 kobold brigands (D:7)
  2 necrophages
  2 scorpions
  A wight (D:8)
  A howler monkey (D:8)
  2 electric eels (D:7)
  2 jellies
  9 orc priests
  A hound (D:6)
  4 iguanas
  3 gnoll boudas
  5 orc wizards
  8 gnolls
  4 adders
  2 shadow imps
  An ufetubus (D:4)
  A worm (D:4)
  2 dart slugs
  29 orcs
  14 ball pythons
  8 bats
  6 endoplasms
  3 giant cockroaches
  4 goblins
  6 hobgoblins
  3 jackals (D:4)
  18 kobolds
  3 quokkas
  5 frilled lizards
  4 rats
176 creatures vanquished.

Vanquished Creatures (others)
  A plant (D:8)
1 creature vanquished.

Grand Total: 177 creatures vanquished

Notes
Turn   | Place    | Note
-------+----------+-------------------------------------------
     0 | D:1      | NinjaNoafa the Troll Monk began the quest for the Orb.
     0 | D:1      | Reached XP level 1. HP: 22/22 MP: 0/0
    79 | D:1      | Reached XP level 2. HP: 29/29 MP: 1/1
    82 | D:1      | Found a faded altar of an unknown god.
   481 | D:1      | Reached skill level 4 in Unarmed Combat
   642 | D:2      | You fall into a shaft and drop 1 floor!
   660 | D:3      | Reached XP level 3. HP: 36/36 MP: 2/2
   846 | D:2      | Reached XP level 4. HP: 43/44 MP: 3/3
   879 | D:2      | Reached skill level 5 in Unarmed Combat
  1153 | D:2      | Found Daexic's Jewellery Shop.
  1258 | D:2      | Found an ancient bone altar of Kikubaaqudgha.
  1743 | D:3      | Found a broken altar of Ashenzari.
  2033 | D:3      | Reached XP level 5. HP: 46/50 MP: 4/4
  2261 | D:4      | Noticed a phantom
  2365 | D:4      | Reached skill level 6 in Unarmed Combat
  2499 | D:4      | Reached skill level 1 in Armour
  2499 | D:4      | Reached XP level 6. HP: 57/59 MP: 5/5
  2716 | D:4      | Found an opulent altar of Gozag.
  3007 | D:4      | Found a staircase to the Ecumenical Temple.
  3014 | Temple   | Entered the Ecumenical Temple
  3188 | D:5      | Entered Level 5 of the Dungeon
  3288 | D:5      | Reached XP level 7. HP: 55/67 MP: 2/6
  3533 | D:5      | Noticed Pikel
  3577 | D:4      | Killed Pikel
  3578 | D:4      | Reached skill level 7 in Unarmed Combat
  3578 | D:4      | Reached XP level 8. HP: 44/78 MP: 7/7
  4026 | D:6      | Noticed Prince Ribbit
  4036 | D:6      | Killed Prince Ribbit
  4246 | D:6      | Found a burning altar of Makhleb.
  4274 | D:6      | Noticed Eustachio
  4292 | D:6      | Killed Eustachio
  4304 | D:6      | Reached skill level 5 in Fighting
  4304 | D:6      | Reached skill level 5 in Dodging
  4304 | D:6      | Reached skill level 8 in Unarmed Combat
  4490 | D:6      | Reached XP level 9. HP: 88/88 MP: 6/8
  4601 | D:6      | Found a glowing golden altar of the Shining One.
  4838 | D:6      | Found a runed translucent door.
  4839 | D:6      | Noticed Crazy Yiuf
  6445 | D:8      | Found a large runed translucent door.
  6445 | D:8      | Found a large runed translucent door.
  6449 | D:8      | Noticed a brown ugly thing
  6466 | D:8      | Noticed a troll
  6475 | D:8      | Killed a troll
  6476 | D:8      | Reached skill level 9 in Unarmed Combat
  6480 | D:8      | Found the amulet of the Air {Inacc Air Fly rElec RMsl}
  6617 | D:8      | Found a shimmering blue altar of Sif Muna.
  6656 | D:8      | Found a large runed translucent door.
  6656 | D:8      | Found a large runed translucent door.
  6757 | D:8      | Noticed a deep elf pyromancer
  6767 | D:8      | Killed a deep elf pyromancer
  6768 | D:8      | Reached skill level 10 in Unarmed Combat
  6768 | D:8      | Reached XP level 10. HP: 83/98 MP: 9/9
  6849 | D:8      | Noticed a two-headed ogre
  6890 | D:8      | Noticed Maurice
  6898 | D:8      | Killed Maurice
  6903 | D:8      | Noticed a two-headed ogre
  6913 | D:8      | Found a flagged portal.
  6917 | D:8      | Killed a two-headed ogre
  6918 | D:8      | Reached skill level 5 in Armour
  6926 | Bailey   | Entered a bailey
  7025 | Bailey   | Slain by a spriggan

Illustrated notes

Levels and vault maps discovered:
D:1:      tarquinn_simple_flora_water_f, layout_basic,
          nicolae_ecumenical_snake_handling
D:2:      layout_basic, basic_altar, serial_shops, nicolae_shop_hallway_plus
D:3:      layout_basic, mainiacjoe_overflow_tiny_flanked
D:4:      nicolae_cairo_tiling_very_big, layout_basic, lemuel_round_altar,
          minmay_temple_entry_nine_rooms
D:5:      layout_cave_pools, nrook_mini_backslash, uniq_pikel
D:6:      layout_layer_cave, mainiacjoe_overflow_large_starburst,
          hangedman_abyss_or_decor_lesser_grid, minmay_tree_intersection,
          uniq_eustachio, uniq_prince_ribbit1, uniq_crazy_yiuf_cottage
D:7:      layout_basic, minivault_14
D:8:      kennysheep_kobold_camp, layout_layer_cave, led_sif_pool,
          enter_bailey_4, minmay_hollow_rounded_squares, uniq_maurice
Temple:   jpeg_temple_clearing
Bailey:   bailey_polearm_enchanted_keep_hellmonk, bailey

Skill      XL: |  1  2  3  4  5  6  7  8  9 10 |
---------------+-------------------------------+-----
Unarmed Combat | 4 5 6 7 8 10 | 10.0
Armour         | 1 3 4 5 |  5.2
Fighting       | 3 4 5 6 |  6.4
Dodging        | 3 4 5 6 |  6.4
Stealth        | |  1.0

Action                     |  1- 3 |  4- 6 |  7- 9 | 10-12 || total
---------------------------+-------+-------+-------+-------++-------
  Melee: Unarmed           |    78 |   172 |   234 |    18 ||   502
         Punch             |       |     4 |    14 |     1 ||    19
  Throw: Javelin           |       |       |     9 |       ||     9
         Dart              |       |       |       |     1 ||     1
  Evoke: Wand              |       |       |     5 |     2 ||     7
    Use: Scroll            |     6 |     4 |     4 |     4 ||    18
         Potion            |       |       |     2 |     5 ||     7
   Stab: Sleeping          |     1 |     2 |     1 |       ||     4
         Distracted        |       |       |     1 |       ||     1
         Invisible         |       |       |       |     1 ||     1
 Armour: Robe              |    41 |    39 |    60 |     2 ||   142
  Dodge: Dodged            |    55 |    76 |   126 |    22 ||   279
  Block: Other             |       |       |     7 |    16 ||    23

Table legend: (Time is in decaauts)
 A = Elapsed time spent in this place.
 B = Non-inter-level travel time spent in this place.
 C = Inter-level travel time spent in this place.
 D = Time resting spent in this place.
 E = Time spent auto-exploring this place.
 F = Levels seen in this place.
 G = Mean time per level.
                   A        B        C        D        E       F      G
               +--------+--------+--------+--------+--------+-----+--------+
         Total |   6949 |   6445 |    504 |      0 |   4694 |  10 |  694.9 |
       Dungeon |   6761 |   6275 |    486 |      0 |   4564 |   8 |  845.1 |
        Temple |     90 |     72 |     18 |      0 |     59 |   1 |   90.0 |
        Bailey |     97 |     97 |      0 |      0 |     71 |   1 |   97.0 |
               +--------+--------+--------+--------+--------+-----+--------+

Top non-repeatable levels by time:
     D:6: 1436 daAuts
     D:7: 990 daAuts
     D:2: 929 daAuts
     D:4: 835 daAuts
     D:3: 712 daAuts
     D:1: 650 daAuts
     D:8: 616 daAuts
     D:5: 588 daAuts
  Bailey: 97 daAuts
  Temple: 90 daAuts
